Kraken vs Panthers

Created - 9 novembre 2023 at 08:21

Goals
1 2 3 OT1 T
Kraken 0 1 0 1 2
Panthers 0 1 0 0 1
Shots
1 2 3 OT1 T
Kraken 5 20 19 1 45
Panthers 17 14 11 0 42

GoalsPenalties
1st period
No Goal
Jon Merrill (SEA) for Tripping (Minor) at 9:55
2nd period
1. Panthers , Teuvo Teravainen 5 (Vincent Trocheck 9) at 5:35
2. Kraken , Matias Maccelli 3 (Jesperi Kotkaniemi 2, Brandon Montour 7) at 18:41
No Penalty
3rd period
No Goal
Jamie Oleksiak (FLA) for Fighting (Major) at 14:26
Kris Letang (SEA) for Fighting (Major) at 14:26
Jan Rutta (SEA) for Hooking (Minor) at 16:19
Overtime #1
3. Kraken , Erik Haula 1 (Brandon Montour 8) at 1:08
No Penalty
Goalie Stats
Laurent Brossoit (SEA), 41 saves from 42 shots - (0,976), W, 1-1-0, 61:08 minutes
Ville Husso (FLA), 43 saves from 45 shots - (0,956), OTL, 2-1-1, 61:08 minutes
3 StarsOfficial
1 - Laurent Brossoit (SEA)
2 - Ville Husso (FLA)
3 - Brandon Montour (SEA)
Referees : Wes McCauley and Mike Duco
Linesman : Tyson Baker and Andrew Smith
Game Note
5:18 of 2nd period - Panthers goal is going for a video replay. After video review, No Goal. The net was displaced accidentally.
Kris Letang beats up Jamie Oleksiak at 14:26 of 3rd period
Finance
Level 1 -- Attendance: 5796 (96,60%) -- Ticket Income $579,600
Level 2 -- Attendance: 5000 (100,00%) -- Ticket Income $300,000
Level 3 -- Attendance: 1865 (93,25%) -- Ticket Income $65,275
Level 4 -- Attendance: 4000 (100,00%) -- Ticket Income $80,000
Luxury Box -- Attendance: 1000 (100,00%) -- Ticket Income $200,000
Game was played at the Sunrise Arena.
Total Attendance: 17661 (98,12%)
Total Ticket Income: $1,224,875
Other Income: $600,189
Total Income: $1,825,064



Team Name Goals Shots Shots Attemp Shots Blocked PIM HIT PP PK FO%
Kraken 24578199260 / 0 (0,00%043%
Panthers 1428795140 / 2 (0%)057%

Kraken
Player Name POS G A P +/- PIM HIT SHT SB MP PP MP PP SHT PK MP PK SHT FO% FOT GA TA
Brandon MontourD0221043224:120:0002:2200% 000
Cole CaufieldLW/RW0001011118:380:0000:0000% 200
Conor ShearyC/LW/RW0000004010:320:0002:2410% 010
Erik HaulaC/LW1010022017:460:0002:24052% 2300
Jack HughesC/LW0000004219:120:0000:35050% 1600
Jan RuttaD0000213321:020:0000:3500% 002
Jesperi KotkaniemiC/LW0111012015:590:0001:17025% 1200
Jon MerrillD0000211116:090:0001:0500% 002
Jonathan MarchessaultC/LW/RW000-1022116:040:0000:00050% 400
Jordan KyrouC/RW000-1023115:320:0000:00050% 210
Kirill KaprizovLW/RW0000017118:510:0000:0000% 010
Kris LetangD0000501120:430:0000:3500% 011
Luke EvangelistaRW0001014014:060:0000:0000% 010
Marcus PetterssonD0000051421:500:0002:3300% 012
Matias MaccelliC/LW/RW1011026115:150:0000:3510% 010
Nick BlankenburgD0000000116:510:0000:2800% 000
Peyton KrebsC/LW000001008:500:0000:5900% 201
Tanner PearsonLW/RW000002107:510:0000:0000% 000
Panthers
Player Name POS G A P +/- PIM HIT SHT SB MP PP MP PP SHT PK MP PK SHT FO% FOT GA TA
Andrew PeekeD0001021322:412:5110:0000% 000
Anthony CirelliC/LW/RW000-1000017:241:2500:000100% 101
Garnet HathawayC/LW/RW0000013015:160:0000:00042% 1900
J.J. MoserD0000010017:580:0000:0000% 010
Jamie OleksiakD000-2501018:120:0900:0000% 000
Jonas SiegenthalerD0000003119:340:5800:0000% 001
Josh ArchibaldLW/RW000001209:230:0000:0000% 000
Joshua NorrisC0000013018:202:3310:00057% 1410
Kevin LabancLW/RW0000003015:440:0000:00050% 211
Marcus FolignoLW0000016115:410:0000:0000% 000
Michael MathesonD0001023222:211:2310:0000% 000
Mike HoffmanC/RW0000003017:482:3300:0000% 012
Oskar LindblomLW000000209:230:0000:0000% 000
Rocco GrimaldiC/LW/RW0000000010:030:0000:00075% 410
Taylor HallC/LW000-1014117:271:2500:0000% 121
Teuvo TeravainenC/LW/RW1010024118:082:3310:0000% 000
Tyson BarrieD000-1001020:212:3500:0000% 001
Vincent TrocheckC/LW/RW0110023017:391:2500:00070% 2010

Kraken

5 vs 5 Forward
Line #Left WingCenterRight WingPHYDFOFWanted %Time %Time Play
1Kirill KaprizovJack HughesCole Caufield0143334%18:56
2Jonathan MarchessaultErik HaulaJordan Kyrou0143027%15:09
3Luke EvangelistaJesperi KotkaniemiMatias Maccelli0232725%14:06
4Tanner PearsonPeyton KrebsConor Sheary1221014%7:51
5 vs 5 Defense
Line #DefenseDefensePHYDFOFWanted %Time %Time Play
1Kris LetangJan Rutta0233536%20:19
2Marcus PetterssonBrandon Montour0233535%19:30
3Nick BlankenburgJon Merrill1222726%14:28
4Kris LetangBrandon Montour12233%1:45
Power Play Forward
Line #Left WingCenterRight WingPHYDFOFWanted %Time %Time Play
1Kirill KaprizovJack HughesCole Caufield005530%0:00
2Matias MaccelliJonathan MarchessaultJordan Kyrou005470%0:00
Power Play Defense
Line #DefenseDefensePHYDFOFWanted %Time %Time Play
1Kris LetangBrandon Montour023530%0:00
2Marcus PetterssonNick Blankenburg023470%0:00
Penalty Kill 4 Players Forward
Line #CenterWingPHYDFOFWanted %Time %Time Play
1Erik HaulaConor Sheary1226075%2:59
2Jesperi KotkaniemiPeyton Krebs1224025%0:59
Penalty Kill 4 Players Defense
Line #DefenseDefensePHYDFOFWanted %Time %Time Play
1Kris LetangMarcus Pettersson12260100%3:58
2Marcus PetterssonJan Rutta122400%0:00
Penalty Kill 3 Players
Line #WingPHYDFOFWanted %Time %Time PlayDefenseDefensePHYDFOFWanted %Time %Time Play
1Erik Haula122600%0:00 Marcus PetterssonJan Rutta122600%0:00
2Jesperi Kotkaniemi122400%0:00 Kris LetangNick Blankenburg122400%0:00
4 vs 4 Forward
Line #CenterWingPHYDFOFWanted %Time %Time Play
1Jack HughesKirill Kaprizov014500%0:00
2Jordan KyrouJonathan Marchessault014500%0:00
4 vs 4 Defense
Line #DefensePHYDFOFWanted %Time %Time Play
1Kris LetangBrandon Montour023500%0:00
2Marcus PetterssonNick Blankenburg023500%0:00
Last Minutes Offensive
Left WingCenterRight WingDefenseDefense
Kirill KaprizovJack HughesJordan KyrouKris LetangBrandon Montour
Last Minutes Defensive
Left WingCenterRight WingDefenseDefense
Kirill KaprizovJack HughesJordan KyrouKris LetangBrandon Montour
Time
Total ForwardTotal DefenseLast Minutes OffensiveLast Minutes Defensive
60:00 60:00 0:000:00
Extra Forwards
Normal PowerPlayPenalty Kill
Conor Sheary, Jesperi Kotkaniemi, Matias MaccelliConor Sheary, Jesperi KotkaniemiMatias Maccelli
Extra Defensemen
Normal PowerPlayPenalty Kill
Nick Blankenburg, Jon Merrill, Marcus PetterssonNick Blankenburg, Jon MerrillMarcus Pettersson
Penalty Shots
Kirill Kaprizov, Jack Hughes, Jordan Kyrou, Jonathan Marchessault, Erik Haula
Goalie
Laurent Brossoit, Igor Shesterkin
Custom OT Lines Forwards
Kirill Kaprizov, Jack Hughes, Jordan Kyrou, Jonathan Marchessault, Erik Haula, Cole Caufield, Conor Sheary, Jesperi Kotkaniemi, Matias Maccelli, Luke Evangelista
Custom OT Lines Defensemen
Kris Letang, Brandon Montour, Marcus Pettersson, Jan Rutta, Nick Blankenburg
Scratches
Lias Andersson (Healthy), Danton Heinen (Healthy)

Panthers

5 vs 5 Forward
Line #Left WingCenterRight WingPHYDFOFWanted %Time %Time Play
1Taylor HallVincent TrocheckTeuvo Teravainen0233029%16:12
2Anthony CirelliJoshua NorrisMike Hoffman0233027%15:15
3Marcus FolignoGarnet HathawayKevin Labanc0233027%15:12
4Oskar LindblomRocco GrimaldiJosh Archibald0231017%9:23
5 vs 5 Defense
Line #DefenseDefensePHYDFOFWanted %Time %Time Play
1Michael MathesonAndrew Peeke0233231%17:14
2Jamie OleksiakTyson Barrie0233233%18:14
3J.J. MoserJonas Siegenthaler0233131%17:23
4Michael MathesonAndrew Peeke03256%3:11
Power Play Forward
Line #Left WingCenterRight WingPHYDFOFWanted %Time %Time Play
1Taylor HallVincent TrocheckAnthony Cirelli0235036%1:25
2Teuvo TeravainenJoshua NorrisMike Hoffman0235064%2:33
Power Play Defense
Line #DefenseDefensePHYDFOFWanted %Time %Time Play
1Michael MathesonJamie Oleksiak0235039%1:33
2Tyson BarrieAndrew Peeke0235061%2:25
Penalty Kill 4 Players Forward
Line #CenterWingPHYDFOFWanted %Time %Time Play
1Vincent TrocheckTaylor Hall023500%0:00
2Joshua NorrisTeuvo Teravainen023500%0:00
Penalty Kill 4 Players Defense
Line #DefenseDefensePHYDFOFWanted %Time %Time Play
1Michael MathesonJamie Oleksiak032500%0:00
2Tyson BarrieAndrew Peeke032500%0:00
Penalty Kill 3 Players
Line #WingPHYDFOFWanted %Time %Time PlayDefenseDefensePHYDFOFWanted %Time %Time Play
1Vincent Trocheck023500%0:00 Michael MathesonJamie Oleksiak032500%0:00
2Joshua Norris023500%0:00 Tyson BarrieAndrew Peeke032500%0:00
4 vs 4 Forward
Line #CenterWingPHYDFOFWanted %Time %Time Play
1Vincent TrocheckTaylor Hall023500%0:00
2Joshua NorrisAnthony Cirelli023500%0:00
4 vs 4 Defense
Line #DefensePHYDFOFWanted %Time %Time Play
1Michael MathesonJamie Oleksiak023500%0:00
2Tyson BarrieAndrew Peeke032500%0:00
Last Minutes Offensive
Left WingCenterRight WingDefenseDefense
Taylor HallVincent TrocheckAnthony CirelliMichael MathesonJamie Oleksiak
Last Minutes Defensive
Left WingCenterRight WingDefenseDefense
Taylor HallJoshua NorrisTeuvo TeravainenMichael MathesonJamie Oleksiak
Time
Total ForwardTotal DefenseLast Minutes OffensiveLast Minutes Defensive
60:00 60:00 0:000:00
Extra Forwards
Normal PowerPlayPenalty Kill
Marcus Foligno, Kevin Labanc, Rocco GrimaldiOskar Lindblom, Garnet HathawayMike Hoffman
Extra Defensemen
Normal PowerPlayPenalty Kill
Jamie Oleksiak, Jonas Siegenthaler, Tyson BarrieJonas Siegenthaler, J.J. MoserJonas Siegenthaler
Penalty Shots
Joshua Norris, Vincent Trocheck, Teuvo Teravainen, Michael Matheson, Anthony Cirelli
Goalie
Ville Husso, Antti Raanta
Custom OT Lines Forwards
Vincent Trocheck, Joshua Norris, Taylor Hall, Anthony Cirelli, Teuvo Teravainen, Marcus Foligno, Mike Hoffman, Oskar Lindblom, Kevin Labanc, Rocco Grimaldi
Custom OT Lines Defensemen
Michael Matheson, Jamie Oleksiak, Tyson Barrie, J.J. Moser, Andrew Peeke
Scratches
Patrick Brown (Healthy), Kevin Lankinen (Healthy)


Play-by-Play

1st period


0:01 of 1st period - Vincent Trocheck wins face-off versus Jack Hughes in neutral zone.
0:06 of 1st period - Slapshot by Vincent Trocheck.
0:06 of 1st period - Stopped by Laurent Brossoit with a rebound.
0:29 of 1st period - Slapshot by Jordan Kyrou.
0:29 of 1st period - Stopped by Ville Husso without a rebound.
0:30 of 1st period - Erik Haula wins face-off versus Joshua Norris in Panthers zone.
0:43 of 1st period - Wrist shot by Jonathan Marchessault.
0:43 of 1st period - Deflect By Jordan Kyrou.
0:43 of 1st period - Shot Misses the Net.
0:43 of 1st period - Puck is out of play.
0:44 of 1st period - Garnet Hathaway wins face-off versus Jesperi Kotkaniemi in Panthers zone.
0:53 of 1st period - Snap shot by Marcus Foligno.
0:53 of 1st period - Stopped by Laurent Brossoit with a rebound.
0:55 of 1st period - Snap shot by J.J. Moser.
0:55 of 1st period - Shot Misses the Net.
0:57 of 1st period - Slapshot by Jonas Siegenthaler.
0:57 of 1st period - Stopped by Laurent Brossoit with a rebound.
1:58 of 1st period - Snap shot by Kirill Kaprizov.
1:58 of 1st period - Stopped by Ville Husso without a rebound.
1:59 of 1st period - Joshua Norris wins face-off versus Jack Hughes in Panthers zone.
1:59 of 1st period - Joshua Norris is hit by Brandon Montour.
2:05 of 1st period - Snap shot by Mike Hoffman.
2:05 of 1st period - Shot Misses the Net.
2:21 of 1st period - Wrist shot by Joshua Norris.
2:21 of 1st period - Deflect By Mike Hoffman.
2:21 of 1st period - Stopped by Laurent Brossoit with a rebound.
2:35 of 1st period - Wrist shot by Jack Hughes.
2:35 of 1st period - Shot Misses the Net.
2:49 of 1st period - Snap shot by Mike Hoffman.
2:49 of 1st period - Stopped by Laurent Brossoit with a rebound.
2:51 of 1st period - Slapshot by Jonas Siegenthaler.
2:51 of 1st period - Stopped by Laurent Brossoit with a rebound.
2:53 of 1st period - Slapshot by J.J. Moser.
2:53 of 1st period - Shot Misses the Net.
2:55 of 1st period - Slapshot by Joshua Norris.
2:55 of 1st period - Stopped by Laurent Brossoit without a rebound.
2:56 of 1st period - Jordan Kyrou wins face-off versus Kevin Labanc in Kraken zone.
3:02 of 1st period - Off-side.
3:03 of 1st period - Garnet Hathaway wins face-off versus Erik Haula in neutral zone.
3:08 of 1st period - Erik Haula is hit by Garnet Hathaway and loses puck.
3:14 of 1st period - Off-side.
3:15 of 1st period - Jonathan Marchessault wins face-off versus Garnet Hathaway in neutral zone.
3:27 of 1st period - Off-side.
3:28 of 1st period - Vincent Trocheck wins face-off versus Jesperi Kotkaniemi in neutral zone.
3:31 of 1st period - Jan Rutta is hit by Vincent Trocheck and loses puck.
5:20 of 1st period - Snap shot by Marcus Foligno.
5:20 of 1st period - Stopped by Laurent Brossoit with a rebound.
5:22 of 1st period - Slapshot by Michael Matheson.
5:22 of 1st period - Stopped by Laurent Brossoit with a rebound.
5:24 of 1st period - Snap shot by Garnet Hathaway.
5:24 of 1st period - Stopped by Laurent Brossoit without a rebound.
5:25 of 1st period - Vincent Trocheck wins face-off versus Erik Haula in Kraken zone.
5:55 of 1st period - Wrist shot by Jack Hughes.
5:55 of 1st period - Shot Misses the Net.
6:35 of 1st period - Jamie Oleksiak is hit by Peyton Krebs.
7:29 of 1st period - Jan Rutta is hit by Marcus Foligno and loses puck.
7:42 of 1st period - Backhand shot by Jack Hughes.
7:42 of 1st period - Shot Blocked by Andrew Peeke.
9:09 of 1st period - Mike Hoffman is hit by Marcus Pettersson and loses puck.
9:55 of 1st period - Minor Penalty to Jon Merrill for Tripping.
9:56 of 1st period - Erik Haula wins face-off versus Vincent Trocheck in Kraken zone.
9:56 of 1st period - Erik Haula is hit by Michael Matheson.
10:22 of 1st period - Wrist shot by Mike Hoffman.
10:22 of 1st period - Shot Misses the Net.
10:28 of 1st period - Snap shot by Conor Sheary.
10:28 of 1st period - Shot Misses the Net.
10:32 of 1st period - Wrist shot by Conor Sheary.
10:32 of 1st period - Stopped by Ville Husso with a rebound.
11:40 of 1st period - Wrist shot by Joshua Norris.
11:40 of 1st period - Stopped by Laurent Brossoit with a rebound.
11:50 of 1st period - Snap shot by Teuvo Teravainen.
11:50 of 1st period - Shot Misses the Net.
11:52 of 1st period - Slapshot by Andrew Peeke.
11:52 of 1st period - Stopped by Laurent Brossoit with a rebound.
11:54 of 1st period - Snap shot by Teuvo Teravainen.
11:54 of 1st period - Stopped by Laurent Brossoit without a rebound.
11:55 of 1st period - Penalty to Jon Merrill is over, Jon Merrill is back on ice.
11:55 of 1st period - Garnet Hathaway wins face-off versus Jack Hughes in Kraken zone.
13:24 of 1st period - Slapshot by Jordan Kyrou.
13:24 of 1st period - Shot Misses the Net.
13:26 of 1st period - Slapshot by Kris Letang.
13:26 of 1st period - Shot Misses the Net.
13:28 of 1st period - Slapshot by Jan Rutta.
13:28 of 1st period - Stopped by Ville Husso without a rebound.
13:29 of 1st period - Erik Haula wins face-off versus Garnet Hathaway in Panthers zone.
13:50 of 1st period - Nick Blankenburg is hit by Andrew Peeke.
14:16 of 1st period - Backhand shot by Luke Evangelista.
14:16 of 1st period - Shot Misses the Net.
14:18 of 1st period - Slapshot by Jesperi Kotkaniemi.
14:18 of 1st period - Stopped by Ville Husso with a rebound.
14:34 of 1st period - Wrist shot by Marcus Foligno.
14:34 of 1st period - Deflect By Kevin Labanc.
14:34 of 1st period - Stopped by Laurent Brossoit with a rebound.
14:46 of 1st period - Anthony Cirelli is hit by Brandon Montour and loses puck.
15:34 of 1st period - Andrew Peeke is hit by Matias Maccelli.
16:19 of 1st period - Slapshot by Kevin Labanc.
16:19 of 1st period - Shot Misses the Net.
17:11 of 1st period - Backhand shot by Kevin Labanc.
17:11 of 1st period - Stopped by Laurent Brossoit without a rebound.
17:12 of 1st period - Jack Hughes wins face-off versus Garnet Hathaway in Kraken zone.
17:38 of 1st period - Backhand shot by Kirill Kaprizov.
17:38 of 1st period - Shot Misses the Net.
18:05 of 1st period - Snap shot by Jack Hughes.
18:05 of 1st period - Shot Misses the Net.
18:19 of 1st period - Snap shot by Marcus Foligno.
18:19 of 1st period - Shot Blocked by Marcus Pettersson.
18:21 of 1st period - Slapshot by Andrew Peeke.
18:21 of 1st period - Shot Misses the Net.
18:23 of 1st period - Snap shot by Garnet Hathaway.
18:23 of 1st period - Shot Misses the Net.
18:37 of 1st period - Snap shot by Kevin Labanc.
18:37 of 1st period - Shot Blocked by Marcus Pettersson.
18:39 of 1st period - Slapshot by Andrew Peeke.
18:39 of 1st period - Deflect By Marcus Foligno.
18:39 of 1st period - Deflect By Kirill Kaprizov.
18:39 of 1st period - Stopped by Laurent Brossoit without a rebound.
18:40 of 1st period - Anthony Cirelli wins face-off versus Erik Haula in Kraken zone.
19:05 of 1st period - Tyson Barrie is hit by Jan Rutta.
19:11 of 1st period - Tyson Barrie is hit by Tanner Pearson.
19:39 of 1st period - Snap shot by Taylor Hall.
19:39 of 1st period - Shot Misses the Net.
19:41 of 1st period - Wrist shot by Teuvo Teravainen.
19:41 of 1st period - Stopped by Laurent Brossoit with a rebound.
19:59 of 1st period - Wrist shot by Rocco Grimaldi.
19:59 of 1st period - Shot Blocked by Jon Merrill.
Goals for this period are 0 for Kraken vs 0 for Panthers.
Shots for this period are 5 for Kraken vs 17 for Panthers.

2nd period


0:01 of 2nd period - Vincent Trocheck wins face-off versus Erik Haula in neutral zone.
0:10 of 2nd period - Wrist shot by Taylor Hall.
0:10 of 2nd period - Shot Misses the Net.
0:12 of 2nd period - Wrist shot by Teuvo Teravainen.
0:12 of 2nd period - Shot Blocked by Marcus Pettersson.
0:26 of 2nd period - Anthony Cirelli is hit by Jesperi Kotkaniemi and loses puck.
1:27 of 2nd period - Michael Matheson is hit by Jonathan Marchessault and loses puck.
1:32 of 2nd period - Snap shot by Jordan Kyrou.
1:32 of 2nd period - Shot Misses the Net.
1:34 of 2nd period - Snap shot by Marcus Pettersson.
1:34 of 2nd period - Stopped by Ville Husso with a rebound.
1:36 of 2nd period - Wrist shot by Erik Haula.
1:36 of 2nd period - Shot Blocked by Michael Matheson.
1:38 of 2nd period - Snap shot by Erik Haula.
1:38 of 2nd period - Shot Misses the Net.
1:53 of 2nd period - Wrist shot by Joshua Norris.
1:53 of 2nd period - Stopped by Laurent Brossoit without a rebound.
1:54 of 2nd period - Joshua Norris wins face-off versus Jack Hughes in Kraken zone.
1:57 of 2nd period - Wrist shot by Mike Hoffman.
1:57 of 2nd period - Stopped by Laurent Brossoit without a rebound.
1:58 of 2nd period - Jack Hughes wins face-off versus Joshua Norris in Kraken zone.
2:48 of 2nd period - Slapshot by Jan Rutta.
2:48 of 2nd period - Shot Blocked by Michael Matheson.
2:50 of 2nd period - Snap shot by Jesperi Kotkaniemi.
2:50 of 2nd period - Shot Misses the Net.
2:52 of 2nd period - Snap shot by Matias Maccelli.
2:52 of 2nd period - Deflect By Kevin Labanc.
2:52 of 2nd period - Stopped by Ville Husso with a rebound.
2:54 of 2nd period - Snap shot by Luke Evangelista.
2:54 of 2nd period - Stopped by Ville Husso with a rebound.
2:56 of 2nd period - Wrist shot by Kris Letang.
2:56 of 2nd period - Shot Misses the Net.
3:25 of 2nd period - Icing by Tanner Pearson.
3:26 of 2nd period - Rocco Grimaldi wins face-off versus Peyton Krebs in Kraken zone.
3:31 of 2nd period - Wrist shot by Josh Archibald.
3:31 of 2nd period - Stopped by Laurent Brossoit without a rebound.
3:32 of 2nd period - Vincent Trocheck wins face-off versus Erik Haula in Kraken zone.
3:45 of 2nd period - Wrist shot by Vincent Trocheck.
3:45 of 2nd period - Shot Misses the Net.
3:47 of 2nd period - Snap shot by Vincent Trocheck.
3:47 of 2nd period - Deflect By Taylor Hall.
3:47 of 2nd period - Shot Blocked by Jordan Kyrou.
3:47 of 2nd period - Puck is out of play.
3:48 of 2nd period - Jack Hughes wins face-off versus Joshua Norris in Kraken zone.
3:48 of 2nd period - Jack Hughes is hit by Andrew Peeke.
5:10 of 2nd period - Wrist shot by Rocco Grimaldi.
5:10 of 2nd period - Shot Misses the Net.
5:12 of 2nd period - Slapshot by Jamie Oleksiak.
5:12 of 2nd period - Shot Blocked by Jan Rutta.
5:14 of 2nd period - Snap shot by Oskar Lindblom.
5:14 of 2nd period - Stopped by Laurent Brossoit with a rebound.
5:16 of 2nd period - Slapshot by Oskar Lindblom.
5:16 of 2nd period - Shot Blocked by Matias Maccelli.
5:18 of 2nd period - Slapshot by Josh Archibald.
5:18 of 2nd period - Panthers goal is going for a video replay.
5:18 of 2nd period - The goal is refused. The net was displaced accidentally..
5:19 of 2nd period - Vincent Trocheck wins face-off versus Erik Haula in Kraken zone.
5:33 of 2nd period - Snap shot by Teuvo Teravainen.
5:33 of 2nd period - Shot Misses the Net.
5:35 of 2nd period - Snap shot by Teuvo Teravainen.
5:35 of 2nd period - Goal by Teuvo Teravainen - Kraken : 0 - Panthers : 1.
5:36 of 2nd period - Vincent Trocheck wins face-off versus Erik Haula in neutral zone.
6:02 of 2nd period - Anthony Cirelli is hit by Marcus Pettersson and loses puck.
6:23 of 2nd period - Michael Matheson is hit by Jon Merrill and loses puck.
6:28 of 2nd period - Snap shot by Matias Maccelli.
6:28 of 2nd period - Stopped by Ville Husso without a rebound.
6:29 of 2nd period - Vincent Trocheck wins face-off versus Jesperi Kotkaniemi in Panthers zone.
6:34 of 2nd period - Jan Rutta is hit by Vincent Trocheck and loses puck.
6:54 of 2nd period - Off-side.
6:55 of 2nd period - Erik Haula wins face-off versus Joshua Norris in neutral zone.
7:22 of 2nd period - Slapshot by Michael Matheson.
7:22 of 2nd period - Stopped by Laurent Brossoit without a rebound.
7:23 of 2nd period - Garnet Hathaway wins face-off versus Cole Caufield in Kraken zone.
7:28 of 2nd period - Snap shot by Marcus Foligno.
7:28 of 2nd period - Stopped by Laurent Brossoit with a rebound.
7:32 of 2nd period - Snap shot by Kevin Labanc.
7:32 of 2nd period - Shot Misses the Net.
7:36 of 2nd period - Snap shot by Marcus Foligno.
7:36 of 2nd period - Stopped by Laurent Brossoit with a rebound.
7:38 of 2nd period - Backhand shot by Michael Matheson.
7:38 of 2nd period - Deflect By Kevin Labanc.
7:38 of 2nd period - Stopped by Laurent Brossoit without a rebound.
7:39 of 2nd period - Erik Haula wins face-off versus Vincent Trocheck in Kraken zone.
7:46 of 2nd period - Jamie Oleksiak is hit by Brandon Montour and loses puck.
8:35 of 2nd period - Slapshot by Rocco Grimaldi.
8:35 of 2nd period - Shot Misses the Net.
9:37 of 2nd period - Snap shot by Kevin Labanc.
9:37 of 2nd period - Deflect By Garnet Hathaway.
9:37 of 2nd period - Stopped by Laurent Brossoit with a rebound.
9:39 of 2nd period - Snap shot by Marcus Foligno.
9:39 of 2nd period - Shot Blocked by Jack Hughes.
9:41 of 2nd period - Snap shot by Garnet Hathaway.
9:41 of 2nd period - Stopped by Laurent Brossoit without a rebound.
9:42 of 2nd period - Erik Haula wins face-off versus Joshua Norris in Kraken zone.
9:47 of 2nd period - Snap shot by Kris Letang.
9:47 of 2nd period - Stopped by Ville Husso with a rebound.
10:07 of 2nd period - Kris Letang is hit by Teuvo Teravainen and loses puck.
10:32 of 2nd period - Slapshot by Kirill Kaprizov.
10:32 of 2nd period - Stopped by Ville Husso without a rebound.
10:33 of 2nd period - Jesperi Kotkaniemi wins face-off versus Rocco Grimaldi in Panthers zone.
10:40 of 2nd period - Snap shot by Luke Evangelista.
10:40 of 2nd period - Stopped by Ville Husso with a rebound.
10:42 of 2nd period - Slapshot by Brandon Montour.
10:42 of 2nd period - Shot Misses the Net.
10:44 of 2nd period - Slapshot by Matias Maccelli.
10:44 of 2nd period - Shot Misses the Net.
10:46 of 2nd period - Slapshot by Luke Evangelista.
10:46 of 2nd period - Stopped by Ville Husso without a rebound.
10:47 of 2nd period - Erik Haula wins face-off versus Joshua Norris in Panthers zone.
10:48 of 2nd period - Wrist shot by Jonathan Marchessault.
10:48 of 2nd period - Stopped by Ville Husso without a rebound.
10:49 of 2nd period - Joshua Norris wins face-off versus Jordan Kyrou in Panthers zone.
10:56 of 2nd period - Snap shot by Jonathan Marchessault.
10:56 of 2nd period - Stopped by Ville Husso with a rebound.
10:58 of 2nd period - Slapshot by Jon Merrill.
10:58 of 2nd period - Stopped by Ville Husso with a rebound.
11:14 of 2nd period - Jon Merrill is hit by Teuvo Teravainen and loses puck.
11:53 of 2nd period - Wrist shot by Rocco Grimaldi.
11:53 of 2nd period - Shot Blocked by Brandon Montour.
11:55 of 2nd period - Snap shot by Oskar Lindblom.
11:55 of 2nd period - Shot Blocked by Jack Hughes.
11:57 of 2nd period - Slapshot by Jonas Siegenthaler.
11:57 of 2nd period - Stopped by Laurent Brossoit without a rebound.
11:58 of 2nd period - Rocco Grimaldi wins face-off versus Jonathan Marchessault in Kraken zone.
12:01 of 2nd period - Slapshot by Josh Archibald.
12:01 of 2nd period - Shot Misses the Net.
12:08 of 2nd period - Icing by Andrew Peeke.
12:09 of 2nd period - Rocco Grimaldi wins face-off versus Jesperi Kotkaniemi in Panthers zone.
12:21 of 2nd period - Wrist shot by Rocco Grimaldi.
12:21 of 2nd period - Shot Misses the Net.
12:23 of 2nd period - Slapshot by Oskar Lindblom.
12:23 of 2nd period - Stopped by Laurent Brossoit without a rebound.
12:24 of 2nd period - Erik Haula wins face-off versus Vincent Trocheck in Kraken zone.
13:34 of 2nd period - Tyson Barrie is hit by Marcus Pettersson and loses puck.
14:25 of 2nd period - Jordan Kyrou is hit by J.J. Moser and loses puck.
14:46 of 2nd period - Slapshot by Kirill Kaprizov.
14:46 of 2nd period - Stopped by Ville Husso with a rebound.
14:48 of 2nd period - Snap shot by Cole Caufield.
14:48 of 2nd period - Stopped by Ville Husso with a rebound.
14:50 of 2nd period - Snap shot by Cole Caufield.
14:50 of 2nd period - Shot Misses the Net.
14:52 of 2nd period - Slapshot by Jan Rutta.
14:52 of 2nd period - Shot Blocked by Marcus Foligno.
14:54 of 2nd period - Snap shot by Jan Rutta.
14:54 of 2nd period - Stopped by Ville Husso without a rebound.
14:55 of 2nd period - Joshua Norris wins face-off versus Jesperi Kotkaniemi in Panthers zone.
15:08 of 2nd period - Wrist shot by Jesperi Kotkaniemi.
15:08 of 2nd period - Stopped by Ville Husso with a rebound.
15:10 of 2nd period - Wrist shot by Luke Evangelista.
15:10 of 2nd period - Stopped by Ville Husso with a rebound.
15:30 of 2nd period - Wrist shot by Conor Sheary.
15:30 of 2nd period - Stopped by Ville Husso with a rebound.
15:32 of 2nd period - Slapshot by Jon Merrill.
15:32 of 2nd period - Shot Misses the Net.
15:48 of 2nd period - Slapshot by Vincent Trocheck.
15:48 of 2nd period - Shot Blocked by Nick Blankenburg.
15:50 of 2nd period - Snap shot by Jonas Siegenthaler.
15:50 of 2nd period - Shot Misses the Net.
16:08 of 2nd period - Michael Matheson is hit by Erik Haula and loses puck.
16:58 of 2nd period - Slapshot by Tanner Pearson.
16:58 of 2nd period - Shot Blocked by Teuvo Teravainen.
17:00 of 2nd period - Wrist shot by Tanner Pearson.
17:00 of 2nd period - Stopped by Ville Husso with a rebound.
17:02 of 2nd period - Slapshot by Brandon Montour.
17:02 of 2nd period - Stopped by Ville Husso with a rebound.
17:48 of 2nd period - Josh Archibald is hit by Luke Evangelista and loses puck.
17:57 of 2nd period - Jesperi Kotkaniemi is hit by Josh Archibald and loses puck.
18:13 of 2nd period - Vincent Trocheck is hit by Marcus Pettersson and loses puck.
18:41 of 2nd period - Wrist shot by Matias Maccelli.
18:41 of 2nd period - Goal by Matias Maccelli - Kraken : 1 - Panthers : 1.
18:42 of 2nd period - Jack Hughes wins face-off versus Garnet Hathaway in neutral zone.
18:53 of 2nd period - Snap shot by Kevin Labanc.
18:53 of 2nd period - Shot Blocked by Cole Caufield.
18:55 of 2nd period - Slapshot by Andrew Peeke.
18:55 of 2nd period - Shot Blocked by Jan Rutta.
18:57 of 2nd period - Wrist shot by Andrew Peeke.
18:57 of 2nd period - Shot Blocked by Jan Rutta.
19:09 of 2nd period - Joshua Norris is hit by Jordan Kyrou and loses puck.
19:51 of 2nd period - Icing by Tanner Pearson.
19:52 of 2nd period - Garnet Hathaway wins face-off versus Jack Hughes in Kraken zone.
19:57 of 2nd period - Slapshot by Tyson Barrie.
19:57 of 2nd period - Shot Misses the Net.
Goals for this period are 1 for Kraken vs 1 for Panthers.
Shots for this period are 20 for Kraken vs 14 for Panthers.

3rd period


0:01 of 3rd period - Jack Hughes wins face-off versus Garnet Hathaway in neutral zone.
0:04 of 3rd period - Wrist shot by Jack Hughes.
0:04 of 3rd period - Stopped by Ville Husso without a rebound.
0:05 of 3rd period - Garnet Hathaway wins face-off versus Jack Hughes in Panthers zone.
0:05 of 3rd period - Garnet Hathaway is hit by Cole Caufield.
0:15 of 3rd period - Snap shot by Jack Hughes.
0:15 of 3rd period - Shot Misses the Net.
0:17 of 3rd period - Snap shot by Jack Hughes.
0:17 of 3rd period - Deflect By Kirill Kaprizov.
0:17 of 3rd period - Stopped by Ville Husso with a rebound.
0:19 of 3rd period - Slapshot by Jack Hughes.
0:19 of 3rd period - Stopped by Ville Husso without a rebound.
0:20 of 3rd period - Joshua Norris wins face-off versus Erik Haula in Panthers zone.
0:31 of 3rd period - Snap shot by Jordan Kyrou.
0:31 of 3rd period - Shot Misses the Net.
0:39 of 3rd period - Erik Haula is hit by Joshua Norris.
1:37 of 3rd period - Wrist shot by Conor Sheary.
1:37 of 3rd period - Stopped by Ville Husso with a rebound.
1:39 of 3rd period - Wrist shot by Peyton Krebs.
1:39 of 3rd period - Shot Misses the Net.
1:41 of 3rd period - Snap shot by Conor Sheary.
1:41 of 3rd period - Stopped by Ville Husso without a rebound.
1:42 of 3rd period - Joshua Norris wins face-off versus Cole Caufield in Panthers zone.
2:09 of 3rd period - Garnet Hathaway is hit by Erik Haula.
3:07 of 3rd period - Icing by Jon Merrill.
3:08 of 3rd period - Joshua Norris wins face-off versus Peyton Krebs in Kraken zone.
3:34 of 3rd period - Erik Haula is hit by Taylor Hall and loses puck.
3:55 of 3rd period - Michael Matheson is hit by Brandon Montour.
4:01 of 3rd period - Wrist shot by Kirill Kaprizov.
4:01 of 3rd period - Shot Misses the Net.
4:03 of 3rd period - Snap shot by Kirill Kaprizov.
4:03 of 3rd period - Stopped by Ville Husso with a rebound.
4:05 of 3rd period - Slapshot by Marcus Pettersson.
4:05 of 3rd period - Shot Blocked by Andrew Peeke.
4:07 of 3rd period - Snap shot by Brandon Montour.
4:07 of 3rd period - Stopped by Ville Husso with a rebound.
5:03 of 3rd period - Wrist shot by Erik Haula.
5:03 of 3rd period - Stopped by Ville Husso without a rebound.
5:04 of 3rd period - Vincent Trocheck wins face-off versus Erik Haula in Panthers zone.
5:04 of 3rd period - Vincent Trocheck is hit by Jordan Kyrou.
5:16 of 3rd period - Snap shot by Jordan Kyrou.
5:16 of 3rd period - Stopped by Ville Husso with a rebound.
5:58 of 3rd period - Wrist shot by Mike Hoffman.
5:58 of 3rd period - Shot Misses the Net.
6:25 of 3rd period - Snap shot by Matias Maccelli.
6:25 of 3rd period - Stopped by Ville Husso with a rebound.
6:27 of 3rd period - Snap shot by Matias Maccelli.
6:27 of 3rd period - Stopped by Ville Husso with a rebound.
6:29 of 3rd period - Wrist shot by Kris Letang.
6:29 of 3rd period - Shot Blocked by Andrew Peeke.
6:51 of 3rd period - Snap shot by Vincent Trocheck.
6:51 of 3rd period - Stopped by Laurent Brossoit without a rebound.
6:52 of 3rd period - Joshua Norris wins face-off versus Jack Hughes in Kraken zone.
6:53 of 3rd period - Snap shot by Anthony Cirelli.
6:53 of 3rd period - Shot Blocked by Kirill Kaprizov.
7:59 of 3rd period - Tyson Barrie is hit by Kirill Kaprizov and loses puck.
8:26 of 3rd period - Anthony Cirelli is hit by Tanner Pearson and loses puck.
10:38 of 3rd period - Icing by Kirill Kaprizov.
10:39 of 3rd period - Erik Haula wins face-off versus Garnet Hathaway in Kraken zone.
10:54 of 3rd period - Snap shot by Marcus Foligno.
10:54 of 3rd period - Stopped by Laurent Brossoit without a rebound.
10:55 of 3rd period - Jack Hughes wins face-off versus Vincent Trocheck in Kraken zone.
10:55 of 3rd period - Jack Hughes is hit by Michael Matheson.
11:03 of 3rd period - Snap shot by Jack Hughes.
11:03 of 3rd period - Shot Blocked by Taylor Hall.
11:39 of 3rd period - J.J. Moser is hit by Marcus Pettersson and loses puck.
11:54 of 3rd period - Wrist shot by Joshua Norris.
11:54 of 3rd period - Shot Misses the Net.
12:02 of 3rd period - Slapshot by Jack Hughes.
12:02 of 3rd period - Stopped by Ville Husso with a rebound.
12:04 of 3rd period - Snap shot by Kirill Kaprizov.
12:04 of 3rd period - Shot Misses the Net.
12:25 of 3rd period - Snap shot by Jack Hughes.
12:25 of 3rd period - Deflect By Kirill Kaprizov.
12:25 of 3rd period - Stopped by Ville Husso with a rebound.
12:27 of 3rd period - Wrist shot by Kirill Kaprizov.
12:27 of 3rd period - Stopped by Ville Husso with a rebound.
12:49 of 3rd period - Wrist shot by Joshua Norris.
12:49 of 3rd period - Shot Misses the Net.
12:55 of 3rd period - Snap shot by Cole Caufield.
12:55 of 3rd period - Deflect By Joshua Norris.
12:55 of 3rd period - Shot Blocked by Jonas Siegenthaler.
12:55 of 3rd period - Puck is out of play.
12:56 of 3rd period - Erik Haula wins face-off versus Garnet Hathaway in Panthers zone.
13:28 of 3rd period - Slapshot by Matias Maccelli.
13:28 of 3rd period - Deflect By Luke Evangelista.
13:28 of 3rd period - Shot Misses the Net.
13:28 of 3rd period - Puck is out of play.
13:29 of 3rd period - Vincent Trocheck wins face-off versus Jonathan Marchessault in Panthers zone.
13:34 of 3rd period - Slapshot by Tyson Barrie.
13:34 of 3rd period - Deflect By Vincent Trocheck.
13:34 of 3rd period - Shot Blocked by Jonathan Marchessault.
13:34 of 3rd period - Puck is out of play.
13:35 of 3rd period - Vincent Trocheck wins face-off versus Erik Haula in Kraken zone.
13:41 of 3rd period - Icing by Erik Haula.
13:42 of 3rd period - Jonathan Marchessault wins face-off versus Garnet Hathaway in Kraken zone.
13:59 of 3rd period - Slapshot by Jordan Kyrou.
13:59 of 3rd period - Stopped by Ville Husso with a rebound.
14:01 of 3rd period - Slapshot by Kris Letang.
14:01 of 3rd period - Deflect By Jordan Kyrou.
14:01 of 3rd period - Shot Misses the Net.
14:01 of 3rd period - Puck is out of play.
14:02 of 3rd period - Jesperi Kotkaniemi wins face-off versus Vincent Trocheck in Panthers zone.
14:13 of 3rd period - Wrist shot by Vincent Trocheck.
14:13 of 3rd period - Shot Blocked by Brandon Montour.
14:15 of 3rd period - Slapshot by Andrew Peeke.
14:15 of 3rd period - Shot Misses the Net.
14:17 of 3rd period - Snap shot by Taylor Hall.
14:17 of 3rd period - Stopped by Laurent Brossoit without a rebound.
14:18 of 3rd period - Garnet Hathaway wins face-off versus Erik Haula in Kraken zone.
14:23 of 3rd period - Snap shot by Kevin Labanc.
14:23 of 3rd period - Shot Misses the Net.
14:25 of 3rd period - Slapshot by Jamie Oleksiak.
14:25 of 3rd period - Stopped by Laurent Brossoit without a rebound.
14:26 of 3rd period - Erik Haula wins face-off versus Garnet Hathaway in Kraken zone.
14:26 of 3rd period - Kris Letang beats up Jamie Oleksiak.
14:26 of 3rd period - Penalty to Jamie Oleksiak for Fighting.
14:26 of 3rd period - Penalty to Kris Letang for Fighting.
14:27 of 3rd period - Garnet Hathaway wins face-off versus Jesperi Kotkaniemi in Kraken zone.
14:30 of 3rd period - Wrist shot by Tyson Barrie.
14:30 of 3rd period - Stopped by Laurent Brossoit without a rebound.
14:31 of 3rd period - Kevin Labanc wins face-off versus Jesperi Kotkaniemi in Kraken zone.
14:38 of 3rd period - Slapshot by Jan Rutta.
14:38 of 3rd period - Stopped by Ville Husso with a rebound.
15:04 of 3rd period - Wrist shot by Taylor Hall.
15:04 of 3rd period - Deflect By Erik Haula.
15:04 of 3rd period - Shot Misses the Net.
15:04 of 3rd period - Puck is out of play.
15:05 of 3rd period - Vincent Trocheck wins face-off versus Jesperi Kotkaniemi in Kraken zone.
15:08 of 3rd period - Snap shot by Vincent Trocheck.
15:08 of 3rd period - Shot Misses the Net.
15:12 of 3rd period - Wrist shot by Vincent Trocheck.
15:12 of 3rd period - Stopped by Laurent Brossoit without a rebound.
15:13 of 3rd period - Vincent Trocheck wins face-off versus Jesperi Kotkaniemi in Kraken zone.
15:14 of 3rd period - Snap shot by Taylor Hall.
15:14 of 3rd period - Stopped by Laurent Brossoit without a rebound.
15:15 of 3rd period - Jesperi Kotkaniemi wins face-off versus Vincent Trocheck in Kraken zone.
15:22 of 3rd period - Slapshot by Brandon Montour.
15:22 of 3rd period - Stopped by Ville Husso with a rebound.
15:46 of 3rd period - Snap shot by Teuvo Teravainen.
15:46 of 3rd period - Stopped by Laurent Brossoit with a rebound.
15:48 of 3rd period - Wrist shot by Taylor Hall.
15:48 of 3rd period - Stopped by Laurent Brossoit with a rebound.
15:54 of 3rd period - Snap shot by Taylor Hall.
15:54 of 3rd period - Stopped by Laurent Brossoit without a rebound.
15:55 of 3rd period - Jack Hughes wins face-off versus Garnet Hathaway in Kraken zone.
16:02 of 3rd period - Wrist shot by Jack Hughes.
16:02 of 3rd period - Stopped by Ville Husso without a rebound.
16:03 of 3rd period - Jack Hughes wins face-off versus Garnet Hathaway in Panthers zone.
16:19 of 3rd period - Minor Penalty to Jan Rutta for Hooking.
16:20 of 3rd period - Erik Haula wins face-off versus Taylor Hall in Kraken zone.
16:24 of 3rd period - Wrist shot by Taylor Hall.
16:24 of 3rd period - Shot Blocked by Marcus Pettersson.
16:26 of 3rd period - Slapshot by Michael Matheson.
16:26 of 3rd period - Stopped by Laurent Brossoit with a rebound.
17:17 of 3rd period - Andrew Peeke is hit by Matias Maccelli and loses puck.
17:24 of 3rd period - Wrist shot by Matias Maccelli.
17:24 of 3rd period - Stopped by Ville Husso with a rebound.
18:19 of 3rd period - Penalty to Jan Rutta is over, Jan Rutta is back on ice.
18:59 of 3rd period - Joshua Norris is hit by Jonathan Marchessault and loses puck.
Goals for this period are 0 for Kraken vs 0 for Panthers.
Shots for this period are 19 for Kraken vs 11 for Panthers.

Overtime #1


0:01 of 1st overtime period - Vincent Trocheck wins face-off versus Jack Hughes in neutral zone.
0:06 of 1st overtime period - Snap shot by Michael Matheson.
0:06 of 1st overtime period - Shot Blocked by Kris Letang.
1:08 of 1st overtime period - Wrist shot by Erik Haula.
1:08 of 1st overtime period - Goal by Erik Haula - Kraken : 2 - Panthers : 1.
Goals for this period are 1 for Kraken vs 0 for Panthers.
Shots for this period are 1 for Kraken vs 0 for Panthers.